Map: Hills of Peshkov

Players

xXxZergzorz

  • Race: Protoss Protoss
  • Spawn Location: 1:00

thebaker

  • Race: Terran Terran
  • Spawn Location: 12:00

Aqqe

  • Race: Terran Terran
  • Spawn Location: 11:00

JohnMcClane

  • Race: Terran Terran
  • Spawn Location: 7:00

MadDog

  • Race: Zerg Zerg
  • Spawn Location: 5:00

Hindulaatti

  • Race: Protoss Protoss
  • Spawn Location: 6:00

VOD

Have the link to the VOD?

Description

Time

  • Played on: Feb. 1, 2016, 11:38 a.m.
  • Length: 15:09
Show
View Real Time Build Order
Export as new Build Order

xXxZergzorz Protoss 

Build Orders: Oracle Opening 

Get SALT Encoding   

  12  0:01  Probe (Chrono Boost)  
  13  0:13  Pylon  
  13  0:17  Probe (Chrono Boost)  
  14  0:27  Probe (Chrono Boost)  
  15  0:37  Gateway  
  15  0:38  Probe (Chrono Boost)  
  16  0:48  Assimilator, Probe (Chrono Boost)  
  17  0:52  Assimilator  
  17  1:02  Probe (Chrono Boost)  
  18  1:19  Probe (Chrono Boost)  
  18  1:24  Cybernetics Core  
  19  1:29  Probe (Chrono Boost)  
  20  1:40  Probe (Chrono Boost)  
  21  1:50  Pylon  
  21  1:51  Probe (Chrono Boost)  
  22  2:09  Stargate  
  22  2:12  Probe (Chrono Boost)  
  24  2:26  Mothership Core (Chrono Boost)  
  25  2:40  Nexus  
  25  2:41  Pylon  
  25  2:44  Probe (Chrono Boost)  
  26  2:52  Oracle (Chrono Boost)  
  26  2:55  Probe  
  30  3:07  Probe  
  30  3:11  Forge  
  31  3:13  Pylon  
  31  3:19  Probe  
  32  3:31  Probe  
  33  3:43  Probe  
  33  3:44  Photon Cannon  
  33  3:47  Photon Cannon  
  33  3:55  Probe  
  34  3:56  Oracle (Chrono Boost)  
  37  4:07  Probe  
  38  4:15  Photon Cannon  
  38  4:19  Photon Cannon  
  38  4:21  Pylon, Stalker (Chrono Boost)  
  40  4:34  Stargate  
  40  4:35  Probe  
  40  4:37  Probe  
  42  4:43  Pylon  
  42  4:57  Probe  
  42  4:58  Probe  
  44  5:10  Probe  
  45  5:30  Probe  
  45  5:31  Probe  
  41  5:43  Probe x2  
  43  5:51  Assimilator  
  43  5:54  Assimilator, Probe  
  43  5:55  Probe  
  45  6:07  Stargate  
  45  6:08  Stargate  
  45  6:10  Stargate  
  45  6:18  Pylon  
  45  6:19  Protoss Ground Weapons Level 1 (Chrono Boost)  
  45  6:20  Pylon  
  45  6:22  Pylon  
  45  6:30  Warp Gate  
  45  6:36  Robotics Facility  
  45  6:40  Robotics Facility  
  45  6:42  Robotics Facility  
  45  6:47  Photon Cannon  
  45  6:49  Photon Cannon  
  45  6:56  Void Ray x2  
  53  7:24  Probe x2  
  53  7:28  Observer, Nexus  
  53  7:29  Observer  
  57  7:30  Observer  
  58  7:44  Void Ray (Chrono Boost), Nexus  
  58  7:45  Void Ray (Chrono Boost)  
  58  7:47  Pylon  
  58  7:48  Pylon  
  66  8:13  Photon Cannon  
  66  8:14  Photon Cannon  
  66  8:15  Probe x2  
  66  8:18  Photon Cannon  
  68  8:20  Void Ray (Chrono Boost)  
  71  8:27  Probe  
  72  8:41  Void Ray (Chrono Boost)  
  72  8:46  Void Ray (Chrono Boost)  
  80  8:49  Protoss Air Weapons Level 1 (Chrono Boost)  
  80  8:56  Robotics Bay  
  80  9:19  Pylon  
  80  9:21  Pylon x2  
  80  9:22  Void Ray  
  80  9:25  Assimilator  
  80  9:29  Assimilator  
  84  9:41  Pylon  
  84  9:48  Fleet Beacon  
  84  9:50  Colossus  
  90  10:04  Void Ray  
  90  10:09  Void Ray  
  98  10:16  Photon Cannon  
  98  10:17  Photon Cannon  
  98  10:20  Photon Cannon  
  98  10:32  Gateway x2  
  98  10:35  Gateway  
  97  10:46  Probe x2  
  97  10:47  Probe x2  
  101  10:51  Assimilator  
  101  10:52  Void Ray  
  101  10:55  Assimilator  
  101  10:56  Probe x2  
  101  10:59  Probe x2  
  109  11:07  Probe  
  110  11:18  Tempest x2  
  118  11:26  Protoss Air Weapons Level 2 (Chrono Boost)  
  118  11:30  Cybernetics Core  
  116  12:07  Tempest  
  116  12:12  Tempest  
  116  12:13  Tempest x2  
  132  12:30  Probe  
  132  12:31  Probe  
  132  12:32  Probe x2  
  136  12:42  Extended Thermal Lance  
  136  12:43  Colossus  
  137  12:44  Probe, Tempest  
  147  13:04  Tempest x3  
  159  13:18  Observer x2  
  161  13:43  Colossus  
  167  14:09  Pylon  
  167  14:11  Pylon  
  167  14:12  Pylon  
  167  14:14  Pylon  
  167  14:15  Pylon  
  167  14:22  Tempest  
Show
View Real Time Build Order
Export as new Build Order

thebaker Terran 

Build Orders: MMM Bio 

Get SALT Encoding   

  12  0:00  SCV  
  13  0:13  SCV  
  14  0:27  SCV  
  15  0:30  Supply Depot  
  15  0:35  Refinery  
  15  0:52  SCV, Barracks  
  16  1:04  SCV  
  16  1:16  SCV  
  17  1:23  Barracks  
  17  1:28  SCV  
  18  1:35  Barracks  
  18  1:36  Engineering Bay  
  18  1:50  Barracks Tech Lab  
  18  1:59  Orbital Command  
  18  2:00  Supply Depot  
  18  2:09  Reaper  
  19  2:18  Supply Depot, Barracks Tech Lab  
  19  2:26  SCV  
  20  2:34  Barracks Tech Lab  
  20  2:38  SCV  
  20  2:40  Reaper  
  22  2:45  Missile Turret  
  22  2:50  SCV  
  23  2:53  Reaper  
  24  3:00  Refinery  
  24  3:02  Marine, SCV  
  26  3:12  Reaper  
  27  3:20  Marine  
  27  3:23  Supply Depot  
  27  3:25  Marine  
  29  3:38  Marine  
  30  3:43  Reaper  
  30  3:44  Marine  
  32  3:55  Marine, Terran Infantry Weapons Level 1  
  32  4:01  Marine  
  32  4:13  Marine  
  32  4:15  Marine  
  33  4:19  Marine  
  32  4:31  Marine  
  32  4:33  Marine  
  32  4:37  Marine  
  34  4:49  Marine  
  34  4:50  Marine  
  34  4:55  Marine  
  35  5:07  Marine  
  35  5:08  Marine  
  35  5:13  Marine  
  38  5:23  Command Center  
  38  5:24  Combat Shields, Marine  
  39  5:40  Supply Depot  
  39  5:42  Supply Depot x2, Marine x3  
  39  5:45  Factory  
  42  5:50  Terran Infantry Armor Level 1  
  42  6:00  Marine x3  
  42  6:01  Stimpack  
  45  6:18  Marine  
  46  6:22  Supply Depot  
  46  6:24  Supply Depot  
  46  6:26  Marine  
  46  6:27  Marine  
  46  6:30  Missile Turret  
  48  6:33  Factory Reactor  
  48  6:39  Starport  
  48  6:46  Marine x2  
  46  6:47  Marine  
  48  7:04  Marine x3  
  51  7:17  Planetary Fortress  
  51  7:22  Marine  
  52  7:31  Armory  
  52  7:37  Missile Turret  
  52  7:43  Medivac x2  
  56  7:48  Marauder  
  56  7:49  Concussive Shells  
  58  7:54  SCV  
  59  8:01  Factory Tech Lab  
  59  8:06  SCV  
  59  8:08  Barracks  
  59  8:11  Marauder  
  64  8:13  Marauder  
  64  8:16  Marauder  
  64  8:19  SCV  
  66  8:51  Marauder x3  
  72  8:57  Starport, Barracks Tech Lab  
  72  8:59  SCV  
  72  9:00  SCV  
  74  9:12  Marauder x3  
  80  9:28  Marauder  
  77  9:34  Marauder x3  
  83  9:39  Starport Tech Lab  
  83  9:43  Terran Infantry Weapons Level 2  
  83  9:50  Marauder  
  85  9:55  Marauder x2  
  85  10:10  Medivac  
  84  10:25  Command Center  
  84  10:32  Marauder x2  
  84  10:33  Marauder x2  
  91  10:53  Marine  
  91  10:54  Marauder x2, Marine  
  72  11:11  Marine x2  
  72  11:14  Marine  
  72  11:15  Marine  
  76  11:29  Marine x2  
  69  11:33  Marauder x2  
  65  11:47  Marauder  
  65  11:48  Marauder  
  65  11:54  Marine x2  
  71  12:05  Orbital Command  
  71  12:08  Marine x2  
  71  12:11  Marine  
  71  12:12  Marine  
  75  12:22  Refinery  
  71  12:27  Marauder x2  
  75  12:30  Marauder x2  
  75  12:32  SCV  
  75  12:33  Refinery  
  75  12:36  Refinery  
  78  12:44  SCV x2  
  78  12:46  SCV  
  78  12:47  Marine  
  78  12:48  Marine  
  78  12:50  Refinery  
  78  12:51  Marine x2  
  84  12:56  SCV  
  84  12:58  SCV  
  87  13:01  Orbital Command  
  87  13:06  Marauder x2  
  87  13:09  Marauder x2, SCV  
  96  13:21  SCV  
  97  13:27  Marauder, Marine  
  97  13:30  Marauder, Missile Turret  
  102  13:45  SCV  
  103  13:52  Supply Depot  
  103  13:57  SCV  
  104  14:07  Medivac x2, Raven  
  104  14:09  SCV  
  111  14:15  Supply Depot  
  102  14:22  SCV  
  91  14:31  Marauder, Marine x3  
  94  14:34  SCV  
  94  14:38  Supply Depot  
  68  14:49  Marine x3  
  57  15:00  Supply Depot  
Show
View Real Time Build Order
Export as new Build Order

Aqqe Terran 

Build Orders: MMM Bio 

Get SALT Encoding   

  12  0:02  SCV  
  13  0:14  SCV  
  13  0:20  Supply Depot  
  14  0:26  SCV  
  15  0:30  Refinery  
  15  0:42  SCV  
  16  0:47  Barracks  
  16  0:54  SCV  
  17  1:00  Refinery  
  17  1:06  SCV  
  18  1:19  Barracks  
  18  1:23  SCV  
  19  1:34  Reaper  
  19  1:36  SCV  
  21  1:45  Supply Depot  
  21  1:48  SCV  
  22  2:02  Orbital Command  
  22  2:07  Reaper  
  23  2:11  Reaper  
  24  2:30  SCV  
  25  2:37  Factory  
  25  2:39  Reaper  
  25  2:43  Reaper  
  27  2:45  Supply Depot  
  27  2:49  Engineering Bay  
  27  2:58  SCV  
  28  3:10  SCV  
  28  3:11  Reaper  
  30  3:15  Missile Turret, Reaper  
  31  3:20  Starport  
  31  3:21  Factory Reactor  
  29  4:41  Marine x2  
  31  4:59  Marine x2  
  33  5:11  Widow Mine x2  
  37  5:30  Command Center  
  37  5:32  Refinery  
  37  5:34  Refinery, Starport Reactor, Barracks  
  37  5:35  Barracks  
  37  5:37  Supply Depot, Barracks  
  37  5:39  Supply Depot  
  37  5:40  Supply Depot, Marine x2  
  39  5:59  Widow Mine x2  
  39  6:00  SCV  
  44  6:10  Terran Infantry Armor Level 1  
  42  6:12  Barracks Tech Lab  
  42  6:13  SCV  
  42  6:14  Barracks Tech Lab  
  42  6:16  Medivac  
  42  6:17  Medivac  
  47  6:25  SCV  
  48  6:27  Barracks Reactor  
  48  6:28  Barracks Reactor  
  48  6:29  Missile Turret, Barracks Reactor  
  48  6:39  Widow Mine x2  
  52  6:41  SCV  
  52  6:45  Marauder  
  55  6:47  Concussive Shells  
  55  6:53  Marauder, SCV  
  58  6:59  Stimpack  
  58  7:07  Widow Mine  
  60  7:23  Sensor Tower  
  60  7:27  Marine x2  
  60  7:28  Marauder, Marine  
  60  7:29  Combat Shields  
  65  7:35  Orbital Command  
  65  7:37  Command Center  
  65  7:38  SCV  
  66  7:50  SCV  
  67  7:54  Supply Depot  
  67  7:56  Supply Depot  
  67  8:02  SCV  
  67  8:04  Medivac  
  67  8:05  Terran Infantry Weapons Level 1  
  70  8:09  Medivac  
  72  8:14  SCV  
  73  8:28  Marine x3  
  73  8:29  Marauder x2  
  80  8:40  Marine x2  
  82  8:47  Marine x3  
  82  8:48  Marine  
  85  8:50  Marauder x2  
  89  8:57  Marine  
  89  8:58  Marine  
  89  9:02  Orbital Command  
  91  9:03  SCV  
  92  9:13  Refinery, SCV  
  92  9:15  SCV  
  94  9:18  Marine  
  94  9:19  Marine  
  94  9:21  Marine  
  94  9:22  Marine  
  96  9:25  SCV  
  96  9:27  Marauder  
  100  9:34  Marauder  
  102  9:44  Starport  
  101  9:47  SCV x3  
  101  9:49  Marauder  
  101  9:50  Barracks Tech Lab  
  106  9:54  Engineering Bay  
  106  9:58  Armory  
  106  9:59  SCV  
  106  10:00  Armory  
  106  10:01  SCV x2  
  106  10:04  Marine  
  109  10:38  Supply Depot  
  109  10:40  Supply Depot, Refinery  
  109  10:49  Terran Infantry Weapons Level 2  
  109  10:51  Terran Infantry Armor Level 2  
  109  11:00  Marauder x3, Marine, SCV  
  109  11:03  Supply Depot  
  109  11:17  Marine x3  
  109  11:18  Marine  
  112  11:21  Medivac  
  112  11:22  Marauder x3  
  114  11:35  Marine x2  
  114  11:39  Marine x2  
  115  11:43  Marauder x3  
  115  11:53  Marine x2  
  115  11:57  Marine x2  
  117  12:04  Marauder x3  
  123  12:09  Supply Depot  
  123  12:16  Terran Vehicle And Ship Armor Level 1  
  123  12:18  Terran Ship Weapons Level 1  
  123  12:26  Marauder  
  120  12:32  Liberator, Supply Depot  
  120  12:36  Liberator  
  116  12:43  Marauder x2  
  118  12:47  Marauder  
  123  12:55  Supply Depot  
  123  12:58  Command Center  
  124  13:05  Liberator, Marauder x2  
  128  13:06  Liberator  
  128  13:18  Supply Depot  
  127  13:22  Marauder  
  127  13:26  Marauder x2  
  137  13:29  Marine x2  
  137  13:31  Refinery  
  137  13:32  Medivac  
  141  13:36  Medivac  
  143  13:42  Supply Depot  
  143  13:43  Marauder  
  145  13:48  Liberator  
  145  14:02  Medivac  
  147  14:08  Supply Depot  
  150  14:10  SCV x4  
  156  14:17  Marauder, Refinery  
  156  14:20  Marauder  
  156  14:22  SCV x3  
  161  14:32  Supply Depot  
  153  14:55  Supply Depot  
Show
View Real Time Build Order
Export as new Build Order

JohnMcClane Terran 

Build Orders:  

Get SALT Encoding   

  12  0:01  SCV  
  13  0:13  SCV  
  14  0:20  Supply Depot  
  14  0:25  SCV  
  15  0:42  SCV, Barracks  
  16  0:53  Refinery  
  16  0:54  SCV  
  17  1:04  Refinery  
  17  1:06  SCV  
  19  1:33  Supply Depot  
  19  1:34  Orbital Command  
  18  1:45  Factory  
  18  2:03  Barracks Reactor  
  18  2:05  SCV  
  19  2:11  Factory  
  19  2:18  SCV  
  20  2:27  Supply Depot  
  20  2:30  SCV  
  21  2:46  Barracks Reactor  
  21  2:48  Widow Mine  
  21  2:49  Widow Mine  
  21  2:50  SCV  
  26  2:59  Factory Reactor  
  26  3:15  Command Center  
  26  3:18  SCV  
  27  3:31  Supply Depot  
  9  4:00  Widow Mine x3  
  10  4:47  SCV  
  11  5:23  SCV  
  11  5:25  Widow Mine x2  
  11  5:26  Widow Mine  
  18  5:35  SCV  
  19  5:47  SCV  
  20  6:05  SCV  
  21  6:17  SCV  
  22  6:21  Supply Depot  
  22  6:29  SCV  
  23  6:41  SCV  
  24  7:02  SCV  
  25  7:08  Widow Mine x2  
  25  7:09  Widow Mine  
  25  7:14  SCV  
  32  7:33  Command Center  
  32  7:45  SCV  
  33  7:57  SCV  
  34  8:09  SCV  
  35  8:17  Supply Depot  
  35  8:29  Starport  
  35  8:37  SCV  
  36  8:49  SCV  
  36  8:52  Factory Tech Lab  
  37  8:56  Orbital Command  
  37  9:04  SCV  
  38  9:16  SCV  
  39  9:22  SCV  
  40  9:28  SCV  
  40  9:31  Siege Tank  
  44  9:34  SCV  
  46  9:45  SCV  
  46  9:52  SCV  
  47  9:57  SCV  
  48  10:03  Siege Tank  
  48  10:04  SCV  
  52  10:10  SCV  
  57  10:14  Hellion x2  
  57  10:16  SCV  
  56  10:22  SCV  
  56  10:23  Supply Depot  
  56  10:28  SCV  
  56  10:39  SCV  
  56  10:40  SCV  
  56  10:41  Siege Tank  
  56  10:42  Hellion  
  61  11:08  SCV x2  
  61  11:10  Barracks  
  57  11:17  Liberator x2  
  51  11:20  SCV  
  52  11:31  Siege Tank  
  52  11:32  Hellion x2  
  65  11:54  Refinery  
  65  11:55  Refinery  
  65  12:13  Barracks Tech Lab  
  65  12:21  Command Center  
  65  12:29  Supply Depot  
  65  12:30  Supply Depot  
  65  12:31  Supply Depot  
  65  12:50  Viking x2  
  69  12:58  Stimpack  
  69  13:02  Siege Tank  
  69  13:03  Hellion  
  74  13:10  SCV x2  
  76  13:13  Supply Depot  
  76  13:14  Supply Depot  
  76  13:19  Engineering Bay  
  76  13:21  Engineering Bay  
  76  13:26  Viking x2  
  80  13:39  Orbital Command, Refinery  
  80  13:41  Refinery  
  80  13:46  Siege Tank  
  80  13:47  Hellion x2  
  87  13:54  Liberator x2  
  87  14:02  Armory  
  87  14:07  SCV x3  
  96  14:19  SCV x2  
  89  14:36  Widow Mine  
  89  14:37  Widow Mine  
  75  14:49  Starport  
  75  14:50  Starport  
  69  14:53  Starport  
Show
View Real Time Build Order
Export as new Build Order

MadDog Zerg 

Build Orders: Pool First 

Get SALT Encoding   

  12  0:01  Drone  
  13  0:13  Overlord  
  13  0:19  Drone  
  14  0:35  Spawning Pool  
  14  0:40  Extractor  
  12  0:44  Drone, Extractor  
  12  0:47  Drone  
  13  0:50  Drone  
  14  0:58  Drone  
  15  1:06  Drone  
  16  1:17  Drone  
  17  1:26  Queen  
  17  1:30  Zergling x2  
  20  1:38  Drone  
  20  1:39  Metabolic Boost  
  21  1:49  Zergling x2  
  22  2:03  Overlord  
  22  2:21  Spine Crawler  
  21  2:26  Drone x2  
  23  2:48  Hatchery  
  22  2:53  Zergling x4  
  22  2:55  Overlord  
  24  3:24  Drone x2  
  26  3:27  Drone  
  27  3:46  Spore Crawler  
  26  4:45  Drone x3  
  28  4:49  Zergling x2  
  28  4:50  Zergling x10  
  35  4:56  Evolution Chamber  
  34  5:00  Evolution Chamber  
  34  5:03  Drone  
  34  5:08  Drone x2  
  36  5:14  Hatchery  
  35  5:31  Spore Crawler  
  34  5:38  Lair  
  34  5:41  Drone x2  
  34  5:42  Drone  
  37  5:56  Zergling x6  
  40  6:00  Zergling x2  
  41  6:14  Zerg Ground Armor Level 1  
  41  6:17  Zerg Missile Weapons Level 1  
  41  6:23  Roach Warren  
  40  6:27  Drone x2  
  40  6:28  Drone  
  40  6:31  Drone x3  
  46  6:37  Extractor  
  46  6:38  Extractor  
  44  7:19  Queen  
  44  7:21  Queen  
  48  7:29  Roach  
  50  7:30  Overlord x5  
  50  8:24  Zerg Ground Armor Level 2  
  50  8:25  Zerg Missile Weapons Level 2  
  50  8:42  Roach  
  50  8:43  Roach x11  
  50  8:44  Roach x5  
  84  9:00  Drone, Spore Crawler  
  84  9:19  Roach  
  84  9:20  Roach x2  
  84  9:21  Overlord x3  
  84  9:22  Overlord  
  90  9:57  Drone  
  90  9:58  Drone x3  
  90  9:59  Drone x2  
  96  10:04  Roach x3  
  96  10:05  Roach x2  
  106  10:24  Roach  
  106  10:25  Roach x4  
  88  11:12  Roach  
  88  11:13  Roach x9  
  88  11:14  Roach  
  88  11:17  Glial Reconstitution  
  56  11:43  Roach x6  
  56  11:44  Roach  
  54  11:57  Roach  
  54  11:59  Roach  
  54  12:00  Roach x5  
  68  12:12  Drone  
  68  12:13  Drone x2  
  71  12:57  Roach  
  71  12:58  Roach x7  
  81  12:59  Roach x4  
  81  13:05  Hatchery  
  94  13:28  Roach  
  94  13:29  Roach x7  
  94  13:32  Roach  
  112  13:50  Roach x5  
  122  14:19  Roach x2  
  122  14:20  Roach  
  122  14:21  Overlord x4  
Show
View Real Time Build Order
Export as new Build Order

Hindulaatti Protoss 

Build Orders: Mass Adepts 

Get SALT Encoding   

  12  0:01  Probe (Chrono Boost)  
  13  0:16  Pylon  
  13  0:17  Probe (Chrono Boost)  
  14  0:28  Probe (Chrono Boost)  
  15  0:39  Probe (Chrono Boost)  
  15  0:40  Gateway  
  16  0:49  Probe (Chrono Boost)  
  17  1:00  Probe (Chrono Boost)  
  17  1:02  Assimilator  
  18  1:10  Probe (Chrono Boost)  
  19  1:18  Assimilator  
  19  1:33  Cybernetics Core  
  19  1:34  Pylon  
  19  1:38  Probe (Chrono Boost)  
  20  1:56  Probe (Chrono Boost)  
  21  2:01  Pylon  
  21  2:07  Probe (Chrono Boost)  
  22  2:10  Gateway, Warp Gate  
  22  2:12  Gateway  
  22  2:13  Adept  
  24  2:19  Probe (Chrono Boost)  
  24  2:35  Probe (Chrono Boost)  
  25  2:41  Pylon  
  25  2:42  Robotics Facility  
  25  2:44  Adept  
  27  2:52  Probe (Chrono Boost)  
  27  2:57  Adept  
  30  3:00  Adept  
  32  3:16  Probe (Chrono Boost)  
  32  3:17  Adept  
  35  3:24  Adept  
  37  3:41  Warp Prism  
  36  4:30  Adept x3  
  42  4:39  Immortal  
  46  4:50  Probe (Chrono Boost)  
  45  4:54  Adept  
  41  5:09  Mothership Core (Chrono Boost)  
  41  5:10  Stalker x2  
  44  5:21  Stalker  
  45  5:37  Stalker  
  47  5:42  Pylon  
  47  5:46  Pylon  
  43  6:08  Probe (Chrono Boost)  
  44  6:18  Probe (Chrono Boost)  
  45  6:29  Probe (Chrono Boost)  
  46  6:36  Stalker x2  
  42  6:50  Zealot  
  45  7:01  Probe (Chrono Boost)  
  45  7:03  Stalker  
  47  7:09  Stalker  
  49  7:20  Stalker  
  51  7:24  Observer  
  52  7:30  Probe (Chrono Boost)  
  53  7:40  Probe (Chrono Boost)  
  54  7:57  Nexus  
  54  8:07  Zealot  
  54  8:08  Sentry  
  54  8:09  Sentry  
  60  8:16  Observer  
  61  8:34  Sentry  
  62  8:39  Pylon  
  62  8:51  Probe (Chrono Boost)  
  63  8:59  Stalker x2  
  63  9:01  Sentry  
  63  9:02  Probe (Chrono Boost)  
  70  9:12  Probe (Chrono Boost)  
  71  9:23  Probe (Chrono Boost)  
  72  9:30  Zealot  
  72  9:31  Sentry x2  
  78  9:36  Observer  
  78  9:38  Robotics Bay  
  79  9:40  Probe x2 (Chrono Boost)  
  75  10:10  Stalker, Zealot x2  
  71  10:19  Observer  
  72  10:26  Probe (Chrono Boost)  
  72  10:27  Probe (Chrono Boost)  
  74  10:32  Stalker x2  
  78  10:37  Probe x2 (Chrono Boost)  
  78  10:42  Disruptor  
  83  10:46  Zealot  
  85  10:52  Pylon  
  55  11:13  Stalker x3  
  42  11:35  Disruptor  
  42  11:36  Zealot  
  42  11:37  Zealot  
  49  11:45  Zealot  
  47  11:57  Stalker  
  47  11:58  Zealot  
  51  12:06  Nexus  
  51  12:16  Disruptor  
  51  12:21  Sentry  
  52  12:23  Sentry  
  54  12:37  Adept  
  56  12:53  Disruptor  
  56  12:54  Adept  
  61  13:05  Assimilator  
  61  13:09  Sentry  
  63  13:14  Zealot  
  65  13:25  Stalker  
  67  13:40  Disruptor  
  70  13:42  Sentry  
  70  13:43  Sentry  
  74  13:53  Stalker  
  62  14:20  Disruptor  
  62  14:23  Zealot x3  
  50  14:40  Stalker  
  52  14:47  Stalker x2  
Tags
 
Add a new tag
Caveats
  • Supply blocks, unpowered buildings, or Contaminate may cause inaccurate times.
  • Supply counts are checked every 10 seconds.